cohdb
Replays
Latest Replays
All Replays
Popular Replays
Top Player Replays
Match Explorer
How It Works
Community
CoH3 Stats
Reddit
Sign in to upload your games and track your stats! →
Sign in with Steam
high level 2v2
Match 16453636
Overview
Messages
Build Orders
End
Panzergrenadier Squad
250 Light Carrier
Panzergrenadier Squad
Panzerpioneer Squad
Construct Light Support Kompanie
Selects Italian Infantry
Selects Guastatori Squad
Selects L6/40 Light Tank Combat Group
L6/40 Light Tank Combat Group
Fire Support Elements
Pak 38 Mechanized Group
le.IG 18 Support Gun Team
Guastatori Squad
2.5-tonne Medical Truck
Construct Panzerarmee Kommand
Armored Reserves
Emergency Repair Kits
Selects Sound the Alarm
Panzer IV Assault Group
2.5-tonne Medical Truck
MG34 Team
Selects Towed Cannone da 105/28 Field Howitzer
Walking Stuka Rocket Launcher
Panzer III L Medium Tank
AI Takeover
Zbirga
MatioS
SMOKO
NoobKobraTV
0
0
Comments
sign in to comment!
No comments posted yet!